 Dungeon Crawl Stone Soup version 0.27-a0-1200-g94dc6ad4cf (webtiles) character file.

Game seed: 10265491678396934454

181801 rjrrt the Executioner (level 17, -19/152 HPs)
             Began as a Minotaur Berserker on June 2, 2021.
             Was a High Priest of Trog.
             Demolished by a nagaraja
             ... wielding a +0 halberd
              (30 damage)
             ... on level 4 of the Snake Pit.
             The game lasted 01:03:18 (30334 turns).

rjrrt the Executioner (Minotaur Berserker)         Turns: 30334, Time: 01:03:19

Health: -19/152    AC: 24    Str: 27    XL:     17   Next: 69%
Magic:  16/16      EV: 11    Int:  4    God:    Trog [*****.]
Gold:   4181       SH: 20    Dex: 15    Spells: 16/16 levels left

rFire    + . .     SeeInvis .   a - +6 broad axe (vamp)
rCold    + . .     Faith    .   k - +0 kite shield
rNeg     . . .     Spirit   .   X - +0 gold dragon scales
rPois    +         Reflect  +   y - +1 hat
rElec    +         Harm     .   e - +0 cloak
rCorr    +         Rampage  .   (no gloves)
Will     +++..                  M - +1 pair of boots {Fly}
Stlth    ..........             R - amulet of reflection
HPRegen  0.35/turn              O - ring of Goreci {rElec Will+ rCorr Dex+3 Stlth-}
MPRegen  0.15/turn              A - ring of willpower

@: flying
A: horns 2, retaliatory headbutt
a: Renounce Religion, Berserk, Trog's Hand, Brothers in Arms


You were on level 4 of the Snake Pit.
You worshipped Trog.
Trog was extremely pleased with you.
You visited 4 branches of the dungeon, and saw 27 of its levels.
You also visited: Sewer, Bailey and Volcano.

You collected 4838 gold pieces.
You spent 657 gold pieces at shops.

Inventory:

Hand Weapons
 a - a +6 vampiric broad axe (weapon)
 b - the +10 lance "Wyrmbane" {slay drac, rPois rF+ rC+ AC+3}
   (You took it off Maggie on level 9 of the Dungeon)

   It affects your AC (+3).
   It protects you from fire.
   It protects you from cold.
   It protects you from poison.
 f - a +3 broad axe of flaming
 m - a +3 antimagic broad axe
Missiles
 p - 12 curare-tipped darts
 D - 4 silver javelins
 F - 3 boomerangs of dispersal
 I - 82 boomerangs (quivered)
 P - 17 javelins
Armour
 e - a +0 cloak (worn)
 k - a +0 kite shield (worn)
 y - a +1 hat (worn)
 M - a +1 pair of boots of flying (worn)
 X - +0 gold dragon scales (worn)
Jewellery
 A - a ring of willpower (right hand)
 O - the ring of Goreci (left hand) {rElec Will+ rCorr Dex+3 Stlth-}
   (You bought it in a shop on level 2 of the Orcish Mines)

   [ring of resist corrosion]

   It affects your dexterity (+3).
   It insulates you from electricity.
   It protects you from acid and corrosion.
   It increases your willpower.
   It makes you less stealthy.
 Q - a ring of positive energy
 R - an amulet of reflection (around neck)
 S - a ring of see invisible
Wands
 n - a wand of polymorph (23)
 o - a wand of iceblast (21)
 r - a wand of acid (3)
 x - a wand of paralysis (11)
 B - a wand of digging (6)
 G - a wand of charming (9)
 J - a wand of flame (50)
Scrolls
 h - 5 scrolls of magic mapping
 j - 2 scrolls of fear
 q - a scroll of holy word
 u - 13 scrolls of teleportation
 v - 6 scrolls of fog
 C - 3 scrolls of blinking
 E - 10 scrolls of identify
 N - 2 scrolls of summoning
 U - 5 scrolls of silence
Potions
 c - 6 potions of haste
 d - 2 potions of invisibility
 g - 9 potions of curing
 i - 6 potions of lignification
 s - 6 potions of heal wounds
 t - 5 potions of cancellation
 z - 4 potions of resistance
 H - a potion of mutation
 K - 3 potions of attraction
 L - a potion of might
 T - 3 potions of ambrosia


   Skills:
 + Level 14.0 Fighting
 + Level 23.3 Axes
 - Level 6.0 Throwing
 + Level 13.9 Armour
 + Level 14.0 Dodging
 - Level 15.0 Shields
 - Level 6.0 Evocations


You had 16 spell levels left.
You didn't know any spells.
Your spell library was empty.

Dungeon Overview and Level Annotations

Branches:
Dungeon (15/15)            Temple (0/1) D:4            Lair (6/6) D:10
 Shoals (0/4) Lair:3        Snake (4/4) Lair:4          Orc (2/2) D:9
    Elf (0/3) Orc:2        Vaults (0/5) D:13         Depths (0/5) D:15
  Sewer (visited)          Bailey (visited)         Volcano (visited)
  Slime: Lair:5-6

Altars:
Cheibriados
Elyvilon
Fedhas
Hepliaklqana
Kikubaaqudgha
Nemelex Xobeh
Okawaru
Sif Muna
Trog
Vehumet
Wu Jian
Xom
Yredelemnul
The Shining One
Beogh

Shops:
D:12 =   Orc:1 [   Orc:2 *(*(*   Snake:1 [


Innate Abilities, Weirdness & Mutations

You have a pair of horns on your head.
You reflexively headbutt those who attack you in melee.


Message History

The nagaraja hits you from afar with a +0 halberd!
You are too injured to fight recklessly!
Unknown command.
You are too injured to fight recklessly!
Unknown command.
You are too injured to fight recklessly!
Unknown command.
You are too injured to fight recklessly!
Unknown command.
You slice the nagaraja!!
You feel better.
The nagaraja is severely wounded.
You barely miss the naga sharpshooter. The nagaraja spits poison at you.
The splash of poison misses you. The nagaraja constricts you.
The naga sharpshooter spits poison at you.
The splash of poison hits you but does no damage.
You resist. You block the nagaraja's attack.
Unknown command.
You slice the nagaraja!!
The nagaraja is almost dead.
You closely miss the naga sharpshooter. The nagaraja casts a spell at you.
The bolt of poison hits you! You resist. The nagaraja constricts you.
The nagaraja hits you from afar with a +0 halberd!!
* * * LOW HITPOINT WARNING * * *
The naga sharpshooter shoots a bolt.
The bolt hits you!!
* * * LOW HITPOINT WARNING * * *
The bolt freezes you.
* * * LOW HITPOINT WARNING * * *
You block the nagaraja's attack.
* * * LOW HITPOINT WARNING * * *
The nagaraja constricts you.
You feel much better.
The nagaraja hits you from afar with a +0 halberd!!
* * * LOW HITPOINT WARNING * * *
The nagaraja loses its grip on you.
The naga sharpshooter shoots a bolt.
You reflect the bolt off an invisible shield around you!
The bolt hits the naga sharpshooter!!
The bolt freezes the naga sharpshooter.
The nagaraja hits you from afar with a +0 halberd!!
You die...

.. .. .....
.. ..#.#....
.. #.#....#
## #N..#..##
# .####.#..#.
.#.#.#.....#
....#NNN[[#
#...#N.).##
##...#N@[[.#
#.....[.[<.##
#....))[[..(#
##..##......#
#. #......# #
##.....#
###.### ###


You could see a naga warrior, 2 nagarajas, a naga sharpshooter (strong, catching
breath), a salamander (strong) and a naga (strong).

Vanquished Creatures
  Mara (Snake:4)
  Vashnia (Snake:4)
  6 nagarajas
  A stone giant (Volcano)
  Nessos (D:15)
  Snorg (D:11)
  A fire dragon (Lair:6)
  An ettin (D:15)
  6 naga warriors
  2 salamander tyrants (Snake:2)
  8 vault guards (D:13)
  9 hydras
  5 boulder beetles
  A catoblepas (D:14)
  4 ogre magi (Orc:2)
  11 anacondas
  Erica (D:11)
  A centaur warrior (D:14)
  19 two-headed ogres
  2 tengu warriors
  Urug (D:11)
  2 orc high priests (Orc:2)
  10 shock serpents
  10 naga sharpshooters
  5 skeletal warriors
  3 salamander mystics
  2 deep trolls (D:15)
  3 sea snakes (Snake:3)
  3 naga ritualists
  2 orc knights
  4 deep elf pyromancers
  A lindwurm (Lair:6)
  2 wizards (D:15)
  Pikel (D:9)
  3 mana vipers
  2 orc sorcerers (Orc:2)
  A manticore (D:12)
  10 ugly things
  10 cyclopes
  23 black mambas
  12 salamanders
  3 guardian serpents
  8 naga magi
  3 molten gargoyles (Lair:6)
  4 gargoyles
  An ice statue (D:10)
  2 kobold demonologists (D:13)
  2 unseen horrors
  An efreet (Volcano)
  17 komodo dragons
  9 cane toads
  A freezing wraith (D:14)
  3 tengu conjurers
  8 rime drakes
  A komodo dragon (shapeshifter) (D:14)
  A hornet (shapeshifter) (D:15)
  A meliai (D:13)
  10 trolls
  10 slime creatures
  2 polar bears
  Prince Ribbit (D:9)
  11 blink frogs
  A raiju (shapeshifter) (D:14)
  6 dream sheep (Lair:6)
  2 shadows (D:11)
  8 wyverns
  A redback (shapeshifter) (D:13)
  4 wraiths
  A fire elemental (Volcano)
  61 yaks
  10 basilisks
  6 steam dragons
  3 vampire mosquitoes (D:12)
  5 wargs
  43 nagas
  A swamp worm (D:8)
  An acid dragon (D:7)
  5 hell hounds
  14 water moccasins
  Purgy (Sewer)
  26 orc warriors
  A sky beast (D:8)
  3 ice beasts
  4 black bears
  3 necrophages
  24 ogres
  7 centaurs
  15 wolves
  3 lemures (D:9)
  A phantom (D:7)
  3 kobold brigands
  A gnoll sergeant (D:8)
  An earth elemental (Volcano)
  12 bullfrogs
  A wyvern zombie (D:6)
  3 scorpions
  27 killer bees
  2 water moccasin skeletons
  6 wights
  2 electric eels (Snake:3)
  3 howler monkeys
  4 centaur zombies
  2 bullfrog zombies
  5 lava snakes (Lair:6)
  17 orc priests
  3 hounds
  2 gnoll shamans
  4 jellies
  2 centaur skeletons (D:7)
  A bullfrog skeleton (D:7)
  10 hell rats (D:14)
  2 iguanas (D:7)
  18 orc wizards
  A killer bee zombie (D:7)
  A hound skeleton (D:4)
  2 howler monkey zombies
  5 adders
  16 gnolls
  5 white imps
  An ufetubus (D:5)
  An adder skeleton (D:4)
  A worm (D:10)
  2 dart slugs
  67 orcs
  4 bats
  6 endoplasms
  12 goblins
  9 hobgoblins
  4 jackals (D:1)
  41 kobolds
  4 quokkas
  4 ball pythons
  8 frilled lizards
  8 rats
  A bush (D:10)
885 creatures vanquished.

Vanquished Creatures (collateral kills)
  An anaconda (Snake:4)
  A two-headed ogre (D:10)
  A shock serpent (Snake:4)
  A skeletal warrior (D:15)
  A salamander mystic (Snake:4)
  A naga ritualist (Snake:4)
  A salamander (Snake:4)
  A black mamba (Snake:4)
  A cane toad (Lair:1)
  Maggie (D:9)
  A queen bee (D:13)
  2 meliai (D:13)
  2 nagas (Snake:4)
  5 killer bees (D:13)
  3 wights (D:10)
23 creatures vanquished.

Vanquished Creatures (others)
  22 fungi
  62 plants
84 creatures vanquished.

Grand Total: 992 creatures vanquished

Notes
Turn   | Place    | Note
-------+----------+-------------------------------------------
     0 | D:1      | rjrrt the Minotaur Berserker began the quest for the Orb.
     0 | D:1      | Reached XP level 1. HP: 19/19 MP: 0/0
    66 | D:1      | Reached skill level 4 in Axes
   156 | D:1      | Reached XP level 2. HP: 26/26 MP: 1/1
   549 | D:1      | Reached ** piety under Trog
   550 | D:1      | Reached skill level 5 in Axes
   680 | D:1      | Reached XP level 3. HP: 29/31 MP: 2/2
   976 | D:1      | Found a faded altar of an unknown god.
  1213 | D:2      | Found a snail-covered altar of Cheibriados.
  1850 | D:3      | Noticed a bullfrog
  1858 | D:3      | Killed a bullfrog
  1859 | D:3      | Reached skill level 6 in Axes
  1859 | D:3      | Reached XP level 4. HP: 26/39 MP: 1/3
  2104 | D:3      | Reached XP level 5. HP: 45/45 MP: 4/4
  2107 | D:3      | Reached skill level 7 in Axes
  2522 | D:4      | Found a staircase to the Ecumenical Temple.
  3303 | D:4      | Noticed a necrophage
  3312 | D:4      | Killed a necrophage
  3313 | D:4      | Reached skill level 8 in Axes
  3313 | D:4      | Reached XP level 6. HP: 41/53 MP: 3/5
  3446 | D:5      | Entered Level 5 of the Dungeon
  3459 | D:5      | Reached *** piety under Trog
  3553 | D:5      | Reached skill level 9 in Axes
  3553 | D:5      | Reached XP level 7. HP: 60/60 MP: 6/6
  3795 | D:5      | Found a shimmering blue altar of Sif Muna.
  3825 | D:5      | Reached skill level 10 in Axes
  3901 | D:5      | Found a basalt altar of Yredelemnul.
  4299 | D:6      | Found a hazy altar of Hepliaklqana.
  4309 | D:6      | Reached skill level 11 in Axes
  4463 | D:6      | Reached XP level 8. HP: 67/67 MP: 7/7
  4512 | D:6      | Reached skill level 5 in Fighting
  4555 | D:6      | Found a glowing drain.
  4566 | Sewer    | Entered a sewer
  4616 | Sewer    | Noticed Purgy
  4621 | Sewer    | Killed Purgy
  5208 | D:6      | Reached skill level 12 in Axes
  5469 | D:7      | Reached XP level 9. HP: 73/74 MP: 8/8
  5696 | D:7      | Reached **** piety under Trog
  5697 | D:7      | Reached skill level 5 in Armour
  5742 | D:7      | Identified the +3 rapier of Qilioh {flame, rC+ Int+3 Dex-3}
  6445 | D:7      | Reached skill level 5 in Dodging
  6645 | D:7      | Reached skill level 13 in Axes
  7095 | D:7      | Reached XP level 10. HP: 35/86 MP: 6/9
  7388 | D:7      | Noticed a gargoyle
  7398 | D:7      | Noticed a skeletal warrior
  7401 | D:7      | Killed a gargoyle
  7508 | D:7      | Killed a skeletal warrior
  7616 | D:7      | Reached ***** piety under Trog
  7643 | D:7      | Reached skill level 14 in Axes
  8043 | D:8      | Found a radiant altar of Vehumet.
  8062 | D:8      | Found a bloodstained altar of Trog.
  8212 | D:8      | Received a gift from Trog
  8996 | D:9      | Noticed a two-headed ogre
  9006 | D:9      | Killed a two-headed ogre
  9007 | D:9      | Reached XP level 11. HP: 97/97 MP: 8/10
  9033 | D:9      | Noticed Maggie
  9045 | D:9      | Killed Maggie
  9160 | D:9      | Found a flagged portal.
  9167 | D:9      | Identified the +10 hand axe of Zuzeots {antimagic, Fly rF+}
  9171 | Bailey   | Entered a bailey
  9654 | Bailey   | Identified the +1 plate armour "Tuebliehi" {-Tele Will+
                  | Dex+8 SInv}
  9707 | D:9      | Found a white marble altar of Elyvilon.
  9754 | D:9      | Found an iron altar of Okawaru.
  9843 | D:9      | Noticed a tengu warrior
  9857 | D:9      | Reached skill level 15 in Axes
  9862 | D:9      | Killed a tengu warrior
 10005 | D:9      | Found a staircase to the Orcish Mines.
 10024 | D:9      | Noticed Pikel
 10051 | D:9      | Killed Pikel
 10361 | D:9      | Noticed Prince Ribbit
 10368 | D:9      | Killed Prince Ribbit
 10668 | D:9      | Reached skill level 1 in Shields
 11450 | D:9      | Found a shimmering altar of Xom.
 11642 | D:10     | Entered Level 10 of the Dungeon
 11720 | D:10     | Found a sparkling altar of Nemelex Xobeh.
 11808 | D:10     | Found a blossoming altar of Fedhas.
 11983 | D:10     | Received a gift from Trog
 11986 | D:10     | Reached skill level 16 in Axes
 11991 | D:10     | Reached skill level 5 in Shields
 11993 | D:10     | Noticed a two-headed ogre
 11998 | D:10     | Killed a two-headed ogre
 12012 | D:10     | Found an ornate altar of the Wu Jian Council.
 12252 | D:10     | Noticed a two-headed ogre
 12262 | D:10     | Killed a two-headed ogre
 12286 | D:10     | Found an ancient bone altar of Kikubaaqudgha.
 12290 | D:10     | Found a staircase to the Lair.
 12385 | D:10     | Found a snail-covered altar of Cheibriados.
 12447 | D:10     | Reached XP level 12. HP: 106/106 MP: 3/11
 12776 | Lair:1   | Entered Level 1 of the Lair of Beasts
 12828 | Lair:1   | Noticed an eight-headed hydra
 12857 | Lair:1   | Killed an eight-headed hydra
 12973 | Lair:1   | Found a dark tunnel.
 12978 | Volcano  | Entered a volcano
 13060 | Volcano  | Noticed a stone giant
 13068 | Volcano  | Killed a stone giant
 13104 | Volcano  | Reached skill level 17 in Axes
 13104 | Volcano  | Reached skill level 10 in Shields
 13104 | Volcano  | Reached XP level 13. HP: 112/112 MP: 12/12
 14136 | Lair:2   | Reached skill level 1 in Throwing
 14142 | Lair:2   | Reached skill level 1 in Evocations
 14150 | Lair:2   | Reached skill level 18 in Axes
 14431 | Lair:2   | Found a glowing golden altar of the Shining One.
 15093 | Lair:3   | Found a staircase to the Shoals.
 16114 | Lair:4   | Found a staircase to the Snake Pit.
 16225 | Lair:4   | Noticed Sonja
 16226 | Lair:4   | Noticed Sonja
 16226 | Lair:4   | Sonja changed into Sonja the cyclops
 16234 | Lair:4   | Killed Sonja the cyclops
 16330 | Lair:4   | Identified the ring "Boruad" {Wiz Dex+4}
 16503 | Lair:5   | Reached XP level 14. HP: 119/119 MP: 10/13
 17373 | Lair:6   | Entered Level 6 of the Lair of Beasts
 17390 | Lair:6   | Found a hazy altar of Hepliaklqana.
 17692 | Lair:6   | Reached skill level 5 in Evocations
 17860 | Lair:6   | Reached ****** piety under Trog
 17915 | Lair:6   | Found a large runed translucent door.
 17915 | Lair:6   | Found a large runed translucent door.
 17927 | Lair:6   | Reached skill level 19 in Axes
 19251 | Orc:1    | Entered Level 1 of the Orcish Mines
 19831 | Orc:2    | Entered Level 2 of the Orcish Mines
 19990 | Orc:2    | Reached skill level 10 in Fighting
 20032 | Orc:2    | Found a staircase to the Elven Halls.
 20076 | Orc:2    | Reached skill level 15 in Shields
 20140 | Orc:2    | Reached skill level 10 in Armour
 20140 | Orc:2    | Reached XP level 15. HP: 119/126 MP: 8/14
 20141 | Orc:2    | Reached skill level 20 in Axes
 20143 | Orc:2    | Found Popunuigg's Assorted Antiques.
 20173 | Orc:2    | Received a gift from Trog
 20283 | Orc:2    | Bought a scroll of blinking for 187 gold pieces
 20313 | Orc:2    | Reached skill level 10 in Dodging
 20374 | Orc:2    | Found Buguuseg's Antique Weapon Shop.
 20375 | Orc:2    | Found Omunudiop's Assorted Antiques.
 20375 | Orc:2    | Found Xiwkyaki's Assorted Antiques.
 20375 | Orc:2    | Found Qomyac's Weapon Shoppe.
 20382 | Orc:2    | Bought a scroll of enchant weapon for 165 gold pieces
 20386 | Orc:2    | Bought a brightly glowing silver ring for 130 gold pieces
 20386 | Orc:2    | Identified the ring of Goreci {rElec Will+ rCorr Dex+3
                  | Stlth-} (You bought it in a shop on level 2 of the Orcish
                  | Mines)
 20501 | Orc:2    | Found a shimmering blue altar of Sif Muna.
 20828 | Orc:1    | Found Xiraup's Antique Armour Shoppe.
 21042 | D:11     | Noticed Erica
 21062 | D:11     | Killed Erica
 21175 | D:11     | Reached skill level 21 in Axes
 21178 | D:11     | Noticed Snorg
 21178 | D:11     | Noticed Urug
 21192 | D:11     | Killed Snorg
 21195 | D:11     | Killed Urug
 21498 | D:12     | Identified the +6 plate armour of Sesh {rF++}
 21607 | D:12     | Identified a scroll of acquirement
 21607 | D:12     | Acquired 933 gold pieces
 21691 | D:12     | Received a gift from Trog
 21888 | D:12     | Found Jurrae's Jewellery Shop.
 22692 | D:13     | Found a gate to the Vaults.
 23160 | D:13     | Reached skill level 22 in Axes
 23826 | D:14     | Reached XP level 16. HP: 137/137 MP: 15/15
 24177 | D:14     | Received a gift from Trog
 24507 | D:15     | Entered Level 15 of the Dungeon
 24612 | D:15     | Found a staircase to the Depths.
 24673 | D:15     | Noticed Nessos
 24684 | D:15     | Killed Nessos
 25621 | Snake:1  | Entered Level 1 of the Snake Pit
 25863 | Snake:1  | Found Hiruigyu's Antique Armour Emporium.
 25867 | Snake:1  | Bought a pair of boots for 175 gold pieces
 27478 | Snake:2  | Received a gift from Trog
 27555 | Snake:2  | Reached skill level 23 in Axes
 27742 | Snake:2  | Identified the amulet "Zoemacwy" {Reflect Regen+ rCorr
                  | Str-2 Dex-5 SH+5}
 27880 | Snake:2  | Reached XP level 17. HP: 149/149 MP: 16/16
 29278 | Snake:4  | Entered Level 4 of the Snake Pit
 29278 | Snake:4  | Noticed Mara
 29282 | Snake:4  | Noticed rjrrt's illusion
 29290 | Snake:4  | Reached skill level 5 in Throwing
 29290 | Snake:4  | Killed Mara
 29317 | Snake:4  | Received a gift from Trog
 29749 | Snake:4  | Noticed Vashnia
 29960 | Snake:4  | Killed Vashnia
 30334 | Snake:4  | Demolished by a nagaraja

Illustrated notes

Levels and vault maps discovered:
D:1:      dpeg_arrival_ternary, layout_basic,
          hellmonk_ecumenical_altar_crossroads
D:2:      layout_loops_ring, basic_altar, minmay_misc_feat_cross
D:3:      layout_rooms, minmay_starry_boxes
D:4:      layout_basic, minmay_temple_entry_drinking_statues,
          kennysheep_minor_cross
D:5:      layout_basic, kennysheep_little_box, old_standard_altar
D:6:      layout_basic, old_standard_altar, cheibrodos_sewer_entry_drain
D:7:      nzn_winding_woodlands_stair_cross [nzn_winding_woodlands_5x15_zeroes,
          nzn_winding_woodlands_center_pierced_h,
          nzn_winding_woodlands_5x15_jagged, nzn_winding_woodlands_5x5_cross,
          nzn_winding_woodlands_hourglass,
          nzn_winding_woodlands_5x15_split_checker,
          nzn_winding_woodlands_center_lodge, nzn_winding_woodlands_5x15_pool],
          layout_basic, chequers_serial_rivers_room_b, nicolae_benzene_ring
D:8:      layout_cave_pools, trog_ov_bears_minmay, overflow_temple_1_default,
          minivault_22, st_stairs_1, worms_lemuel
D:9:      layout_layer_cave, lemuel_tele_altar, minitemple, david_orc_5,
          enter_bailey_2, uniq_maggie, uniq_prince_ribbit1, uniq_pikel
D:10:     lemuel_ice_statue, layout_loops_ring, lemuel_doored_altar,
          lemuel_crystal_altar, fedhas_bush_and_centaur_altar,
          old_standard_altar, slow_altar_1
D:11:     layout_cross, uniq_erica, uniq_snorg, uniq_urug
D:12:     layout_rooms, serial_shops, shop
D:13:     layout_basic, erik_vaults_2, special_room [special_room_bee]
D:14:     layout_roguey [special_room_mythical_zoo], hangedman_decor_lopped
D:15:     hangedman_depths_entry_civil_slaughter, layout_irregular_city,
          nrook_uturn, uniq_nessos
Lair:1:   layout_cave_pods, enter_volcano_4, grunt_megastairs_2,
          serial_bayou_shore_b, lemuel_fruit_tree, serial_bayou_shore_b
Lair:2:   layout_regular_city, basic_altar
Lair:3:   layout_chaotic_city, shoals_dummy_entry
Lair:4:   layout_hall_layers, guppyfry_snake_entry_garden, uniq_sonja
Lair:5:   layout_regular_city
Lair:6:   cheibrodos_lair_end_hotspot, layout_small_grid,
          minmay_slime_entry_oklob_open, basic_altar,
          nicolae_lair_grove_arrangements, st_stairs_7,
          infiniplex_staircase_pool, serial_bayou_shore_b, serial_bayou_shore_b
Snake:1:  layout_cave_pods, serial_shops, nicolae_shop_crystal
Snake:2:  layout_onion, nicolae_snake_scaly_snakehead
Snake:3:  layout_grid_maze, serial_bayou_shore_a
Snake:4:  grunt_snake_rune_spirals, layout_onion_interference, uniq_mara,
          uniq_vashnia
Orc:1:    layout_caves, basic_altar, serial_shops, shop
Orc:2:    st_orc_ogre_mass, layout_caves, basic_altar, serial_shops, shop,
          kennysheep_orc_sif_temple

Skill      XL: |  1  2  3  4  5  6  7  8  9 10 11 12 13 14 15 16 17 |
---------------+----------------------------------------------------+-----
Axes           | 4 5 6 8 9 11 12 13 14 16 17 18 19 22 23 | 23.3
Fighting       | 4 6 7 9 10 11 13 14 | 14.0
Armour         | 4 6 8 9 10 11 13 | 13.9
Dodging        | 4 5 7 8 9 11 13 14 | 14.0
Shields        | 6 10 12 15 | 15.0
Throwing       | 4 6 |  6.0
Evocations     | 4 6 |  6.0

Action                   |  1- 3 |  4- 6 |  7- 9 | 10-12 | 13-15 | 16-18 || total
-------------------------+-------+-------+-------+-------+-------+-------++-------
Melee: Hand axe          |    80 |    58 |       |    12 |       |       ||   150
       Headbutt          |    12 |    11 |    42 |   106 |   334 |   211 ||   716
       War axe           |       |    12 |   249 |   159 |       |       ||   420
       Battleaxe         |       |       |       |   109 |       |       ||   109
       Broad axe         |       |       |       |   160 |  1130 |   752 ||  2042
       Morningstar       |       |       |       |     7 |       |       ||     7
       Lance             |       |       |       |       |    83 |       ||    83
Throw: Dart              |       |       |       |    48 |       |       ||    48
       Boomerang         |       |       |       |       |     3 |       ||     3
Invok: Berserk           |       |     1 |     7 |     8 |     2 |       ||    18
       Brothers in Arms  |       |       |       |     3 |     2 |     5 ||    10
       Trog's Hand       |       |       |       |     2 |     3 |     2 ||     7
Evoke: Wand              |       |       |       |       |     1 |       ||     1
  Use: Potion            |       |       |     1 |     2 |     2 |     1 ||     6
       Scroll            |       |       |    18 |    11 |     7 |     2 ||    38
 Stab: Distracted        |       |       |       |       |       |     1 ||     1
Armor: Animal skin       |    10 |    10 |       |       |       |       ||    20
       Chain mail        |       |     7 |    69 |       |       |       ||    76
       Plate armour      |       |       |    57 |   252 |   339 |   143 ||   791
       Gold dragon scale |       |       |       |       |       |    70 ||    70
Dodge: Dodged            |    53 |    36 |    94 |   192 |   328 |   187 ||   890
Block: Kite shield       |       |       |       |    89 |   618 |   635 ||  1342
       Reflection        |       |       |       |       |     1 |    84 ||    85

Table legend: (Time is in decaauts)
 A = Elapsed time spent in this place.
 B = Non-inter-level travel time spent in this place.
 C = Inter-level travel time spent in this place.
 D = Time resting spent in this place.
 E = Time spent auto-exploring this place.
 F = Levels seen in this place.
 G = Mean time per level.
                   A        B        C        D        E       F      G
               +--------+--------+--------+--------+--------+-----+--------+
         Total |  29957 |  28433 |   1524 |   2536 |  19110 |  30 |  998.6 |
       Dungeon |  16612 |  15903 |    709 |   1387 |  11131 |  15 | 1107.5 |
          Lair |   6156 |   5686 |    470 |    309 |   4165 |   6 | 1026.0 |
     Snake Pit |   4557 |   4338 |    219 |    667 |   2778 |   4 | 1139.2 |
  Orcish Mines |   1644 |   1520 |    124 |     13 |    998 |   2 |  822.0 |
         Sewer |    250 |    250 |      0 |      0 |     36 |   1 |  250.0 |
        Bailey |    512 |    512 |      0 |    159 |      0 |   1 |  512.0 |
       Volcano |    223 |    223 |      0 |      0 |      0 |   1 |  223.0 |
               +--------+--------+--------+--------+--------+-----+--------+

Top non-repeatable levels by time:
     D:7: 2352 daAuts
     D:9: 2174 daAuts
 Snake:3: 1733 daAuts
  Lair:6: 1594 daAuts
 Snake:2: 1423 daAuts
    D:10: 1235 daAuts
     D:8: 1144 daAuts
  Lair:2: 1130 daAuts
     D:1: 1125 daAuts
    D:13: 1119 daAuts
     D:6: 1111 daAuts
     D:4: 1101 daAuts
    D:12: 990 daAuts
  Lair:1: 987 daAuts
 Snake:1: 984 daAuts
